 Dungeon Crawl Stone Soup version 0.15-a0-734-g2b8d6ef (webtiles) character file.

57 4tharraofdagon the Chopper (level 3, -10/31 HPs)
             Began as a Minotaur Gladiator on May 11, 2014.
             Killed from afar by Amnesiac's ghost (15 damage)
             ... with a spray of energy
             ... on Level 5 of the Dungeon.
             The game lasted 00:01:51 (305 turns).

4tharraofdagon the Chopper (Minotaur Gladiator)      Turns: 305, Time: 00:01:51

HP -10/31        AC  3     Str 19      XL: 3   Next: 73%
MP   2/2         EV 11     Int  6      God:
Gold 33          SH  6     Dex 10      Spells:  0 memorised,  2 levels left

rFire  . . .     SeeInvis .     a - +0 war axe
rCold  . . .     Clarity  .     b - +0 leather armour
rNeg   . . .     Conserve .     e - +0 buckler
rPois  .         rCorr    .     c - +0 hat
rElec  .         rRot     .     (no cloak)
SustAb . .       Spirit   .     (no gloves)
rMut   .         Warding  .     (no boots)
Gourm  .         Stasis   .     (no amulet)
MR     .....                    (no ring)
                                (no ring)

@: lethally poisoned, glowing, not resistant to hostile enchantments, very
unstealthy
A: retaliatory headbutt, horns 2
a: no special abilities


You were on level 5 of the Dungeon.
You were not hungry.

You visited 1 branch of the dungeon, and saw 5 of its levels.

You collected 33 gold pieces.

Inventory:

Hand weapons
 a - a +0,+0 war axe (weapon)
Missiles
 d - 3 throwing nets (quivered)
Armour
 b - a +0 leather armour (worn)
 c - a +0 hat (worn)
 e - a +0 buckler (worn)
 h - a +0 chain mail
Magical devices
 g - a wand of draining (4)
Comestibles
 f - 2 bread rations


   Skills:
 + Level 3.2 Fighting
 * Level 4.9 Axes
 - Level 2.0 Throwing
 + Level 1.6 Armour
 - Level 3.2 Dodging


You had 2 spell levels left.
You didn't know any spells.

Dungeon Overview and Level Annotations

Branches:
Dungeon (5/15)
 Temple: D:4-7

Altars:

Annotations:
D:4 4tharraofdagon's ghost, weakling NaTm
D:5 Amnesiac's ghost, average HaEn


Innate Abilities, Weirdness & Mutations

You reflexively headbutt those who attack you in melee.
You have a pair of horns on your head.


Message History

Amnesiac's ghost is severely damaged.
You feel sick. Amnesiac's ghost hits you.
* * * LOW HITPOINT WARNING * * *
Amnesiac's ghost freezes you.
* * * LOW HITPOINT WARNING * * *
Amnesiac's ghost barely misses you.
You aren't carrying any potions.
You hit Amnesiac's ghost.
Amnesiac's ghost is severely damaged.
* * * LOW HITPOINT WARNING * * *
You feel sick.
Amnesiac's ghost points at you and mumbles some strange words.
The spray of energy misses you.
You barely miss Amnesiac's ghost. Your headbutt misses Amnesiac's ghost.
Amnesiac's ghost is severely damaged.
* * * LOW HITPOINT WARNING * * *
You feel sick.
Amnesiac's ghost points at you and mumbles some strange words.
The spray of energy hits you!
You die...

.... .. ... .#
#.. .# #.. .#
#.# .#
#.#####.#
#...).W)#
#W#####.......#
#@# ....... #.#
..W.... #.#
....... #.#
...... #..
..... #.# ....
#.# . #.# #.#


You could see Amnesiac's ghost.

Vanquished Creatures
  An orc wizard (D:5)
  2 adders
  A giant gecko (D:2)
  2 orcs (D:5)
  A bat (D:3)
  A giant cockroach (D:3)
  4 jackals (D:1)
  A kobold (D:1)
  A ball python (D:4)
  A giant newt (D:3)
  3 rats
18 creatures vanquished.

Notes
Turn   | Place    | Note
--------------------------------------------------------------
     0 | D:1      | 4tharraofdagon, the Minotaur Gladiator, began the quest for the Orb.
     0 | D:1      | Reached XP level 1. HP: 18/18 MP: 1/1
    73 | D:2      | Reached skill level 4 in Axes
    76 | D:2      | Reached XP level 2. HP: 25/25 MP: 1/1
   243 | D:4      | Reached skill level 1 in Armour
   243 | D:4      | Reached XP level 3. HP: 30/30 MP: 2/2
   262 | D:4      | Noticed 4tharraofdagon's ghost (weakling NaTm)
   274 | D:5      | Entered Level 5 of the Dungeon
   286 | D:5      | Noticed Amnesiac's ghost (average HaEn)
   305 | D:5      | Killed from afar by Amnesiac's ghost

Action                   || total
-------------------------++-------
Melee: War axe           ||    38
Throw: Throwing net      ||     2
Evoke: Wand              ||     2
  Use: Potion            ||     5
 Stab: Held in net/web   ||     1

Vault maps used:
D:1:      elethiomel_arrival_maze, serial_bayou_ford_a
D:2:      nemelex_xobeh_ov_fountains_minmay, minmay_misc_feat_alley
D:3:      lightli_sewer_entry_pipes, fedhas_altar_2
D:4:      uniq_pikel
D:5:      kennysheep_vampire_church, first_bread, serial_shops,
          nicolae_shop_trees, basic_altar, kennysheep_small_circle
